 Dungeon Crawl Stone Soup version 0.26-a0-639-g72c4674329 (webtiles) character file.

Game seed: 11328046217595970598

5 Apogee the Shield-Bearer (level 1, 5/18 HPs)
             Began as a Formicid Fighter on Sept 25, 2020.
             Quit the game on level 1 of the Dungeon.
             The game lasted 00:00:18 (129 turns).

Apogee the Shield-Bearer (Formicid Fighter)          Turns: 129, Time: 00:00:19

Health: 5/18       AC:  6    Str: 20    XL:     1   Next: 88%
Magic:  1/1        EV:  7    Int:  7    God:
Gold:   38         SH:  9    Dex: 10    Spells: 0/0 levels left

rFire    . . .     SeeInvis +   a - +0 war axe
rCold    . . .     Faith    .   c - +0 kite shield
rNeg     . . .     Spirit   .   b - +0 scale mail
rPois    .         Reflect  .   (helmet unavailable)
rElec    .         Harm     .   (no cloak)
rCorr    .         Rampage  .   (no gloves)
MR       .....                  (no boots)
Stlth    ..........             (no amulet)
HPRegen  0.06/turn              (no ring)
MPRegen  0.07/turn              (no ring)

@: lethally poisoned (5 -> -24)
A: permanent stasis, dig shafts and tunnels, four strong arms, antennae 3
a: Dig, Shaft Self


You were on level 1 of the Dungeon.
You visited 1 branch of the dungeon, and saw 1 of its levels.

You collected 38 gold pieces.

Inventory:

Hand Weapons
 a - a +0 war axe (weapon)
Armour
 b - a +0 scale mail (worn)
 c - a +0 kite shield (worn)
Jewellery
 f - an uncursed ring of positive energy {unknown}
   (You found it on level 1 of the Dungeon)
Scrolls
 e - a scroll of teleportation {unknown}
Potions
 d - a potion of might


   Skills:
 + Level 3.3 Fighting
 * Level 2.2 Axes
 + Level 3.3 Armour
 + Level 3.7 Shields


You couldn't memorise any spells.
You didn't know any spells.
Your spell library was empty.

Dungeon Overview and Level Annotations

Branches:
Dungeon (1/15)

Altars:


Innate Abilities, Weirdness & Mutations

You cannot be hasted, slowed, berserked, paralysed or teleported.
You can dig through walls and to a lower floor.
Your four strong arms can wield two-handed weapons with a shield.
You have a pair of large antennae on your head. (SInv)


Message History

Found 9 gold pieces.
No target in view!
Found 18 poisoned darts and 16 stones.
f - an emerald ring No target in view!
There is a stone staircase leading down here.
You sense a monster nearby.
You now have 38 gold pieces (gained 9).
No target in view!
A kobold comes into view. It is wielding a +1 dagger of venom.
The kobold shouts!
A kobold is nearby!
You block the kobold's attack.
A rat comes into view.
A frilled lizard comes into view.
You closely miss the kobold.
The frilled lizard hisses angrily.
The kobold hits you with a +1 dagger of venom.
You are poisoned.
You block the kobold's attack.
You barely miss the kobold.
You feel sick. The kobold hits you but does no damage.
You closely miss the kobold.
You feel sick. The kobold hits you but does no damage.
You are lethally poisoned!
The frilled lizard hisses.
The kobold hits you but does no damage.
You are more poisoned.
You hit the kobold but do no damage.
You feel very sick. The kobold hits you but does no damage.
You are more poisoned.
Unknown command.
You slash the kobold!
You kill the kobold!
* * * LOW HITPOINT WARNING * * *
You feel very sick. You block the rat's attack.
You are too injured to fight recklessly!
Unknown command.
You are too injured to fight recklessly!
Unknown command.
Unknown command.
You are too injured to fight recklessly!
Unknown command.
You are too injured to fight recklessly!
Okay, then.
You barely miss the rat.
* * * LOW HITPOINT WARNING * * *
You feel very sick. The rat bites you but does no damage.

#.##.#.#.##.#.# ####
...........#.# #..
#....>...#.# #.#
#...#>##.#.###.##
#................
##.........#.#.##
#..#.##.#.#.#.#.
.##.#####.....#.......#.
.....lr@..........#.###.
###.####......#####.# #.
....#...## #.# #.
####.$.### #.# #. ##.##
#.# #. #.# #.# #. #.#
#.# #.# #?#


You could see a frilled lizard and a rat.

Vanquished Creatures
  A ball python (D:1)
  A giant cockroach (D:1)
  A kobold (D:1)
  A frilled lizard (D:1)
  A rat (D:1)
5 creatures vanquished.

Notes
Turn   | Place    | Note
-------+----------+-------------------------------------------
     0 | D:1      | Apogee the Formicid Fighter began the quest for the Orb.
     0 | D:1      | Reached XP level 1. HP: 18/18 MP: 1/1
   129 | D:1      | Quit the game

Illustrated notes

Levels and vault maps discovered:
D:1:      beargit_arrival_greenhouse, layout_loops_ring, minmay_unequal

Action                   || total
-------------------------++-------
Melee: War axe           ||    14
Armor: Scale mail        ||     7
Dodge: Dodged            ||     4
Block: Kite shield       ||     3

Table legend: (Time is in decaauts)
 A = Elapsed time spent in this place.
 B = Non-inter-level travel time spent in this place.
 C = Inter-level travel time spent in this place.
 D = Time resting spent in this place.
 E = Time spent auto-exploring this place.
 F = Levels seen in this place.
 G = Mean time per level.
                   A        B        C        D        E       F      G
               +--------+--------+--------+--------+--------+-----+--------+
         Total |    135 |    135 |      0 |      0 |     94 |   1 |  135.0 |
       Dungeon |    135 |    135 |      0 |      0 |     94 |   1 |  135.0 |
               +--------+--------+--------+--------+--------+-----+--------+

Top non-repeatable levels by time:
     D:1: 135 daAuts
